PUB
MONTREAL ROYALS @ HONOLULU RAYS
08/12/1972
 
TOP OF THE 1ST
Montreal Royals batting - Pitching for Honolulu Rays : RHP Andre Simpson
Pitching: RHP Andre Simpson
Batting: RHB Frank Harris 0-0: Ball
1-0: Called Strike
1-1: SINGLE (Groundball, 4MD, EV 102.5 MPH)
Batting: LHB José Ramos 0-0: Sac Bunt to 2L - play at first, batter OUT! 2-3
Frank Harris to second
Batting: LHB Doug Wright 0-0: Swinging Strike
0-1: Ball
1-1: Ball
Passed Ball!
Frank Harris to third
2-1: Ball
3-1: Foul Ball, location: 3FF
3-2: DOUBLE (Flyball, 89D, EV 91.9 MPH)
Frank Harris scores
Batting: RHB Juan Méndez 0-0: Ball
1-0: 2-RUN HOME RUN (Flyball, 7D, EV 105.6 MPH), Distance : 386 ft
Batting: LHB Jake Cameron 0-0: Ball
1-0: Swinging Strike
1-1: Swinging Strike
1-2: Strikes out swinging
Batting: LHB Rick Monday 0-0: Called Strike
0-1: Ball
1-1: Swinging Strike
1-2: Ground out 1-3 (Groundball, 13S, EV 71.3 MPH)
Top of the 1st over - 3 runs, 3 hits, 0 errors, 0 left on base; Montreal 3 - Honolulu 0
BOTTOM OF THE 1ST
Honolulu Rays batting - Pitching for Montreal Royals : LHP Bob Wagner
Pitching: LHP Bob Wagner
Batting: LHB Kuan Zhang 0-0: Called Strike
0-1: Called Strike
0-2: Ball
1-2: Ball
2-2: Strikes out looking
Batting: LHB Del Unser 0-0: Ball
1-0: Ball
2-0: Fly out, F8 (Flyball, 8RM, EV 87.5 MPH)
Batting: LHB Tin Truong 0-0: Ground out 5-3 (Groundball, 56S, EV 86.9 MPH)
Bottom of the 1st over - 0 runs, 0 hits, 0 errors, 0 left on base; Montreal 3 - Honolulu 0
TOP OF THE 2ND
Montreal Royals batting - Pitching for Honolulu Rays : RHP Andre Simpson
Batting: RHB Joël Leroy 0-0: Called Strike
0-1: Ball
1-1: Foul Ball, location: 9LSFF
1-2: Ball
2-2: Strikes out swinging, 2-3 out at first.
Batting: RHB Steve Robinson 0-0: Called Strike
0-1: Ball
1-1: Ball
2-1: Swinging Strike
2-2: Strikes out swinging
Batting: LHB Bob Wagner 0-0: Foul Ball, location: 7LMF
0-1: Foul Ball, location: 9LMF
0-2: Strikes out swinging
Top of the 2nd over - 0 runs, 0 hits, 0 errors, 0 left on base; Montreal 3 - Honolulu 0
BOTTOM OF THE 2ND
Honolulu Rays batting - Pitching for Montreal Royals : LHP Bob Wagner
Batting: SHB Emery Hutchinson 0-0: Ball
1-0: Swinging Strike
1-1: Fly out, F4 (Popup, 23, EV 90.6 MPH)
Batting: RHB Bob Morgan 0-0: Ball
1-0: Ball
2-0: Foul Ball, location: 9LDF
2-1: Foul Ball, location: 2F
2-2: Ball
3-2: Strikes out swinging, 2-3 out at first.
Batting: RHB Ted Sizemore 0-0: Ball
1-0: Ball
2-0: Called Strike
2-1: SINGLE (Line Drive, 7S, EV 85.6 MPH)
Batting: LHB Kyle MacKinley 0-0: Foul Ball, location: 5F
0-1: Foul Ball, location: 2F
0-2: Ball
1-2: Foul Ball, location: 2F
1-2: Strikes out swinging
Bottom of the 2nd over - 0 runs, 1 hit, 0 errors, 1 left on base; Montreal 3 - Honolulu 0
TOP OF THE 3RD
Montreal Royals batting - Pitching for Honolulu Rays : RHP Andre Simpson
Batting: RHB Frank Harris 0-0: Called Strike
0-1: Ball
1-1: Ball
2-1: Called Strike
2-2: Fly out, F9 (Flyball, 9, EV 85.0 MPH)
Batting: LHB José Ramos 0-0: SINGLE (Line Drive, 5D, EV 98.1 MPH)
Batting: LHB Doug Wright 0-0: Swinging Strike
0-1: SINGLE (Flyball, 7LS, EV 89.4 MPH)
José Ramos to second
Batting: RHB Juan Méndez 0-0: Called Strike
0-1: Ball
1-1: Foul Ball, location: 2F
1-2: Ball
2-2: Foul Ball, location: 9LDF
2-2: Strikes out swinging
Batting: LHB Jake Cameron 0-0: Ball
1-0: Foul Ball, location: 2F
1-1: Ball
2-1: Ball
3-1: Base on Balls
José Ramos to third
Doug Wright to second
Batting: LHB Rick Monday 0-0: SINGLE (Groundball, 6MD, EV 99.4 MPH)
José Ramos scores
Doug Wright to third
Jake Cameron to second
Runner from 3rd tries for Home, throw by CF and OUT! 8-2
Top of the 3rd over - 1 run, 3 hits, 0 errors, 2 left on base; Montreal 4 - Honolulu 0
BOTTOM OF THE 3RD
Honolulu Rays batting - Pitching for Montreal Royals : LHP Bob Wagner
Batting: SHB Bob Stinson 0-0: Foul Ball, location: 2F
0-1: Foul Ball, location: 2F
0-2: SOLO HOME RUN (Flyball, 89XD, EV 108.1 MPH), Distance : 412 ft
Batting: RHB Andre Simpson 0-0: Foul Ball, location: 2F
0-1: SINGLE (Groundball, 4D, EV 101.9 MPH)
Batting: LHB Kuan Zhang 0-0: Called Strike
0-1: Called Strike
0-2: SINGLE (Line Drive, 9LS, EV 102.5 MPH)
Andre Simpson to second
Batting: LHB Del Unser 0-0: Ball
1-0: Called Strike
1-1: Swinging Strike
1-2: Foul Ball, location: 2F
1-2: Ball
2-2: Strikes out swinging
Batting: LHB Tin Truong 0-0: Swinging Strike
0-1: Foul Ball, location: 5F
0-2: Foul Ball, location: 2F
0-2: Strikes out swinging
Batting: SHB Emery Hutchinson 0-0: Fielders Choice at 2nd, 5-4 (Groundball, 56, EV 88.1 MPH)
Bottom of the 3rd over - 1 run, 3 hits, 0 errors, 2 left on base; Montreal 4 - Honolulu 1
TOP OF THE 4TH
Montreal Royals batting - Pitching for Honolulu Rays : RHP Andre Simpson
Batting: RHB Joël Leroy 0-0: Ball
1-0: Ball
2-0: Foul Ball, location: 2F
2-1: Called Strike
2-2: Strikes out swinging
Batting: RHB Steve Robinson 0-0: Ball
1-0: Foul Ball, location: 3DF
1-1: Foul Ball, location: 2F
1-2: Fly out, F4 (Popup, 4, EV 77.5 MPH)
Batting: LHB Bob Wagner 0-0: Ball
1-0: Foul Ball, location: 2F
1-1: Called Strike
1-2: Strikes out swinging
Top of the 4th over - 0 runs, 0 hits, 0 errors, 0 left on base; Montreal 4 - Honolulu 1
BOTTOM OF THE 4TH
Honolulu Rays batting - Pitching for Montreal Royals : LHP Bob Wagner
Batting: RHB Bob Morgan 0-0: Called Strike
0-1: Foul Ball, location: 5DF
0-2: Ball
1-2: Ground out 6-3 (Groundball, 6, EV 88.8 MPH)
Batting: RHB Ted Sizemore 0-0: Reached on error, E3 (Groundball, 3, EV 86.3 MPH)
Batting: LHB Kyle MacKinley 0-0: Foul Ball, location: 23F
0-1: Called Strike
0-2: Ball
1-2: Ball
2-2: Ball
Balk!
Ted Sizemore to second
3-2: Strikes out swinging
Batting: SHB Bob Stinson 0-0: Called Strike
0-1: Foul Ball, location: 2F
0-2: Foul Ball, location: 5F
0-2: Foul Ball, location: 3F
0-2: Foul Ball, location: 2F
0-2: Ball
Wild Pitch!
Ted Sizemore to third
1-2: Foul Ball, location: 2F
1-2: Foul Ball, location: 3SF
1-2: Ball
2-2: Ball
3-2: Fly out, F8 (Flyball, 78M, EV 88.1 MPH)
Bottom of the 4th over - 0 runs, 0 hits, 1 error, 1 left on base; Montreal 4 - Honolulu 1
TOP OF THE 5TH
Montreal Royals batting - Pitching for Honolulu Rays : RHP Andre Simpson
Batting: RHB Frank Harris 0-0: Fly out, F9 (Flyball, 9, EV 93.1 MPH)
Batting: LHB José Ramos 0-0: Called Strike
0-1: Swinging Strike
0-2: Ball
1-2: Ball
2-2: Ball
3-2: Foul Ball, location: 2F
3-2: Strikes out swinging
Batting: LHB Doug Wright 0-0: Ball
1-0: Ball
2-0: Ball
3-0: Called Strike
3-1: Base on Balls
Batting: RHB Juan Méndez 0-0: Ball
1-0: Called Strike
1-1: Ball
2-1: Foul Ball, location: 2F
2-2: Ground out 4-3 (Groundball, 4, EV 105.6 MPH)
Top of the 5th over - 0 runs, 0 hits, 0 errors, 1 left on base; Montreal 4 - Honolulu 1
BOTTOM OF THE 5TH
Honolulu Rays batting - Pitching for Montreal Royals : LHP Bob Wagner
Batting: RHB Andre Simpson 0-0: SINGLE (Groundball, 4D, EV 106.3 MPH)
Batting: LHB Kuan Zhang 0-0: Ball
1-0: SINGLE (Line Drive, 4M, EV 109.4 MPH)
Andre Simpson to second
Batting: LHB Del Unser 0-0: Bunted foul
0-1: Bunt missed!
0-2: Ball
1-2: Grounds into double play, 6-4-3 (Groundball, 6, EV 106.9 MPH)
Andre Simpson to third
Batting: LHB Tin Truong 0-0: Ball
1-0: Foul Ball, location: 23F
1-1: Ball
2-1: Foul Ball, location: 25F
2-2: Foul Ball, location: 9LSF
2-2: SINGLE (Flyball, 8LS, EV 91.3 MPH)
Andre Simpson scores
Batting: SHB Emery Hutchinson 0-0: Ball
1-0: Ball
2-0: Foul Ball, location: 2F
2-1: Foul Ball, location: 2LF
2-2: Ball
3-2: Base on Balls
Tin Truong to second
Batting: RHB Bob Morgan 0-0: Ground out U3 (Groundball, 3L, EV 86.9 MPH)
Bottom of the 5th over - 1 run, 3 hits, 0 errors, 2 left on base; Montreal 4 - Honolulu 2
TOP OF THE 6TH
Montreal Royals batting - Pitching for Honolulu Rays : RHP Andre Simpson
Batting: LHB Jake Cameron 0-0: Swinging Strike
0-1: Called Strike
0-2: Fly out, F7 (Line Drive, 78M, EV 99.4 MPH)
Batting: LHB Rick Monday 0-0: Ball
1-0: Foul Ball, location: 7LDF
1-1: Swinging Strike
1-2: Ball
2-2: Foul Ball, location: 2F
2-2: Strikes out looking
Batting: RHB Joël Leroy 0-0: Ground out 4-3 (Groundball, 4, EV 108.1 MPH)
Top of the 6th over - 0 runs, 0 hits, 0 errors, 0 left on base; Montreal 4 - Honolulu 2
BOTTOM OF THE 6TH
Honolulu Rays batting - Pitching for Montreal Royals : LHP Bob Wagner
Batting: RHB Ted Sizemore 0-0: Ball
1-0: Ball
2-0: Called Strike
2-1: Foul Ball, location: 25F
2-2: Foul Ball, location: 25F
2-2: DOUBLE (Line Drive, 7LM, EV 90.6 MPH)
Batting: LHB Kyle MacKinley 0-0: Swinging Strike
0-1: Foul Ball, location: 3F
0-2: Strikes out swinging
Batting: SHB Bob Stinson 0-0: Called Strike
0-1: Ball
1-1: Ground out 5-3 (Groundball, 5, EV 105.6 MPH)
Batting: RHB Andre Simpson 0-0: Ball
1-0: Called Strike
1-1: Ball
2-1: Ground out 5-3 (Groundball, 56S, EV 82.5 MPH)
Bottom of the 6th over - 0 runs, 1 hit, 0 errors, 1 left on base; Montreal 4 - Honolulu 2
TOP OF THE 7TH
Montreal Royals batting - Pitching for Honolulu Rays : RHP Andre Simpson
Batting: RHB Steve Robinson 0-0: Ball
1-0: Called Strike
1-1: Fly out, F7 (Flyball, 78D, EV 105.6 MPH)
Batting: LHB Bob Wagner 0-0: Swinging Strike
0-1: Ball
1-1: Called Strike
1-2: Ball
2-2: SINGLE (Groundball, 6MD, EV 105.0 MPH)
Batting: RHB Frank Harris 0-0: Called Strike
0-1: Ball
1-1: Ball
2-1: Called Strike
2-2: Fly out, F4 (Popup, 34D, EV 49.4 MPH)
Batting: LHB José Ramos 0-0: Ball
1-0: Ball
2-0: Swinging Strike
2-1: Swinging Strike
2-2: Ball
3-2: Strikes out swinging
Top of the 7th over - 0 runs, 1 hit, 0 errors, 1 left on base; Montreal 4 - Honolulu 2
BOTTOM OF THE 7TH
Honolulu Rays batting - Pitching for Montreal Royals : LHP Bob Wagner
Batting: LHB Kuan Zhang 0-0: Ball
1-0: Foul Ball, location: 7LMF
1-1: Swinging Strike
1-2: Ball
2-2: Foul Ball, location: 23FF
2-2: Strikes out swinging
Batting: LHB Del Unser 0-0: Ball
1-0: Called Strike
1-1: Ball
2-1: Foul Ball, location: 5SF
2-2: Ball
3-2: SINGLE (Line Drive, 78M, EV 103.1 MPH)
Batting: LHB Tin Truong 0-0: Called Strike
0-1: Swinging Strike
0-2: Hit by Pitch
Del Unser to second
Batting: SHB Emery Hutchinson 0-0: Called Strike
0-1: Ball
1-1: Foul Ball, location: 2F
1-2: Ball
2-2: Strikes out swinging
Batting: RHB Bob Morgan 0-0: Swinging Strike
0-1: Ball
1-1: Ball
2-1: Foul Ball, location: 25F
2-2: Ball
3-2: SINGLE (Groundball, 34S, EV 68.8 MPH) (infield hit)
Del Unser to third
Tin Truong to second
Batting: RHB Ted Sizemore 0-0: Ball
1-0: Ball
2-0: Ball
3-0: Called Strike
3-1: Foul Ball, location: 9LSF
3-2: Strikes out swinging
Bottom of the 7th over - 0 runs, 2 hits, 0 errors, 3 left on base; Montreal 4 - Honolulu 2
TOP OF THE 8TH
Montreal Royals batting - Pitching for Honolulu Rays : RHP Andre Simpson
Pitching: RHP Jesse Harris
Batting: LHB Doug Wright 0-0: Ball
1-0: Ground out 4-3 (Groundball, 4, EV 85.0 MPH)
Batting: RHB Juan Méndez 0-0: Ball
1-0: Called Strike
1-1: Swinging Strike
1-2: Ball
2-2: Foul Ball, location: 9LMF
2-2: SINGLE (Line Drive, 56D, EV 94.4 MPH)
Batting: LHB Jake Cameron 0-0: Foul Ball, location: 5DF
0-1: Fielders Choice at 2nd, 4-6 (Groundball, 4, EV 88.1 MPH)
Batting: LHB Rick Monday 0-0: Ball
1-0: Ball
2-0: Foul Ball, location: 9LDF
2-1: Swinging Strike
2-2: Strikes out swinging
Top of the 8th over - 0 runs, 1 hit, 0 errors, 1 left on base; Montreal 4 - Honolulu 2
BOTTOM OF THE 8TH
Honolulu Rays batting - Pitching for Montreal Royals : LHP Bob Wagner
Batting: LHB Kyle MacKinley 0-0: Ball
1-0: Swinging Strike
1-1: Swinging Strike
1-2: Strikes out swinging
Pitching: LHP John Burns
Now in CF: Paul Blair
Batting: SHB Bob Stinson 0-0: Called Strike
0-1: Foul Ball, location: 9LDF
0-2: Strikes out swinging
Pinch Hitting: LHB Otto Eldridge 0-0: Ball
1-0: Ball
2-0: Called Strike
2-1: Swinging Strike
2-2: Strikes out looking
Bottom of the 8th over - 0 runs, 0 hits, 0 errors, 0 left on base; Montreal 4 - Honolulu 2
TOP OF THE 9TH
Montreal Royals batting - Pitching for Honolulu Rays : RHP Jesse Harris
Pitching: RHP Tristan Gilles
Pinch Hitting: LHB Bob Byers 0-0: Called Strike
0-1: SINGLE (Flyball, 9S, EV 86.3 MPH)
Batting: RHB Steve Robinson 0-0: Bunted foul
0-1: Sac Bunt to 2L - play at second, runner OUT! 2-6
Batting: RHB Paul Blair 0-0: Foul Ball, location: 5F
0-1: Foul Ball, location: 5SF
0-2: Strikes out swinging
Batting: RHB Frank Harris 0-0: Called Strike
0-1: Fly out, F9 (Flyball, 9S, EV 94.4 MPH)
Top of the 9th over - 0 runs, 1 hit, 0 errors, 1 left on base; Montreal 4 - Honolulu 2
BOTTOM OF THE 9TH
Honolulu Rays batting - Pitching for Montreal Royals : LHP John Burns
Now at 1B: Javier García
Now at 2B: Luis López
Batting: LHB Kuan Zhang 0-0: Ball
1-0: Swinging Strike
1-1: Ball
2-1: Swinging Strike
2-2: Foul Ball, location: 7LSF
2-2: DOUBLE (Line Drive, 9LS, EV 98.8 MPH) - OUT at third base trying to stretch hit.
Pinch Hitting: RHB Charlie Moore 0-0: Ball
1-0: Called Strike
1-1: Foul Ball, location: 9LSF
1-2: Ball
2-2: Strikes out looking
Batting: LHB Tin Truong 0-0: Ball
1-0: Called Strike
1-1: Swinging Strike
1-2: Foul Ball, location: 2RF
1-2: Strikes out looking
Bottom of the 9th over - 0 runs, 1 hit, 0 errors, 0 left on base; Montreal 4 - Honolulu 2
Monday, April 22nd , 2024 - OOTP Baseball 24.8 Build 75